 Dungeon Crawl Stone Soup version 0.31-a0-1278-g11c5b68f87 (webtiles) character file.

Game seed: 15303738662564983449

16671 gohu the Severer (level 12, -15/110 HPs)
             Began as a Hill Orc Fighter on Dec 16, 2023.
             Was a High Priest of Okawaru.
             Demolished by a titanic slime creature (60 damage)
             ... on level 12 of the Dungeon on Dec 17, 2023.
             The game lasted 00:40:50 (11992 turns).

gohu the Severer (Hill Orc Fighter)                Turns: 11992, Time: 00:40:50

Health: -15/110    AC: 18    Str: 24    XL:     12   Next: 40%
Magic:  17/17      EV:  8    Int:  8    God:    Okawaru [*****.]
Gold:   414        SH: 16    Dex: 22    Spells: 11/11 levels left

rFire   . . .        P - +3 broad axe
rCold   . . .        Y - +0 kite shield
rNeg    . . .        L - +3 chain mail
rPois   .            x - +0 helmet
rElec   .            (no cloak)
rCorr   .            (no gloves)
SInv    .            g - +2 pair of boots
Will    .....        n - amulet of reflection Stlth
                     V - +6 ring of dexterity
HPRegen 0.38/turn    y - +6 ring of dexterity
MPRegen 0.15/turn

%: reflection
@: studying Spellcasting
A: no striking features
a: Renounce Religion, Heroism, Finesse, Duel


You were on level 12 of the Dungeon.
You worshipped Okawaru.
Okawaru was extremely pleased with you.
You visited 2 branches of the dungeon, and saw 14 of its levels.
You also visited: Ossuary and Bailey.

You collected 728 gold pieces.
You spent 314 gold pieces at shops.

Inventory:

Hand Weapons
 a - a +0 war axe
 K - a +1 war axe of freezing
 P - a +3 broad axe (weapon)
Missiles
 l - 4 javelins
Armour
 b - a +0 scale mail
 c - a +0 buckler
 g - a +2 pair of boots (worn)
 i - a +0 chain mail
 x - a +0 helmet (worn)
 L - a +3 chain mail (worn)
 Y - a +0 kite shield (worn)
 Z - a +0 helmet
Jewellery
 n - an amulet of reflection (around neck)
 q - a ring of see invisible
 w - a ring of wizardry
 y - a +6 ring of dexterity (right hand)
 B - a ring of fire
 Q - the amulet "Owniujif" {RegenMP Dex+3}
   (You found it in a bailey)

   [amulet of magic regeneration]

   RegenMP:   It increases your rate of magic regeneration.
   Dex+3:     It affects your dexterity (+3).
 T - the ring "Ehusiakh" {rCorr Int+3}
   (You found it on level 8 of the Dungeon)

   [ring of resist corrosion]

   Int+3:     It affects your intelligence (+3).
   rCorr:     It protects you from acid and corrosion.
 U - an amulet of the acrobat
 V - a +6 ring of dexterity (left hand)
Talismans
 R - a flux talisman
 X - a blade talisman
Wands
 d - a wand of iceblast (7)
 C - a wand of paralysis (4)
 E - a wand of polymorph (12)
 S - a wand of digging (5)
 W - a wand of mindburst (5)
Scrolls
 f - 4 scrolls of teleportation
 k - a scroll of noise
 p - 3 scrolls of silence
 s - a scroll of amnesia
 u - 3 scrolls of blinking
 z - 3 scrolls of immolation
 A - a scroll of enchant armour
 D - 4 scrolls of vulnerability
 H - 4 scrolls of fear
 J - 2 scrolls of fog
 M - 3 scrolls of revelation
Potions
 e - 8 potions of curing {unknown}
 h - a potion of degeneration
 j - 4 potions of heal wounds
 m - a potion of haste
 o - a potion of lignification {unknown}
 r - 2 potions of mutation {unknown}
 t - a potion of enlightenment {unknown}
 v - a potion of resistance {unknown}
 F - 2 potions of brilliance {unknown}
 G - 2 potions of cancellation {unknown}
 I - a potion of berserk rage {unknown}
 N - 4 potions of magic {unknown}
 O - 3 potions of invisibility {unknown}


   Skills:
 * Level 11.4 Fighting
 * Level 18.3 Axes
 * Level 8.1 Armour
 + Level 1.3 Dodging
 + Level 6.5 Shields
 * Level 7.8 Invocations
 + Level 0.4 Evocations


You had 11 spell levels left.
You didn't know any spells.
Your spell library contained the following spells:

 Spells                   Type           Power      Damage    Failure   Level
 Freeze                   Ice            0%         1d3       98%         1
 Necrotise                Necr           0%         1d4       98%         1
 Sandblast                Erth           0%         2d4       98%         1
 Passwall                 Tmut/Erth      0%         N/A       99%         2
 Poisonous Vapours        Pois/Air       0%         N/A       99%         2
 Frozen Ramparts          Ice            0%         1d1       100%        3
 Hailstorm                Conj/Ice       0%         3d5       100%        3
 Mephitic Cloud           Conj/Pois/Air  0%         N/A       100%        3
 Stone Arrow              Conj/Erth      0%         3d7       100%        3
 Vampiric Draining        Necr           0%         2d6       100%        3
 Brom's Barrelling Bould  Conj/Erth      0%         2d3       100%        4
 Agony                    Necr           0%         N/A       100%        5
 Borgnjor's Vile Clutch   Necr/Erth      0%         N/A       100%        5
 Freezing Cloud           Conj/Ice/Air   0%         6-21      100%        5
 Borgnjor's Revivificati  Necr           0%         N/A       100%        8
 Death's Door             Necr           0%         N/A       100%        9
 Animate Dead             Necr           Unusable   N/A       N/A         4
 Death Channel            Necr           Unusable   N/A       N/A         6
 Haunt                    Necr/Summ      Unusable   N/A       N/A         7

Dungeon Overview and Level Annotations

Branches:
Dungeon (13/15)            Temple (1/1) D:4            Lair (0/5) D:11
    Orc (0/2) D:11        Ossuary (visited)          Bailey (visited)
 Vaults: D:13-14

Altars:
Ashenzari
Cheibriados
Dithmenos
Elyvilon
Fedhas
Gozag
Hepliaklqana
Kikubaaqudgha
Makhleb
Nemelex Xobeh
Okawaru
Qazlal
Ru
Sif Muna
Trog
Uskayaw
Vehumet
Wu Jian
Xom
Yredelemnul
Zin
The Shining One
Beogh

Shops:
D:1 (   D:8 [   D:10 ?   D:12 (

Annotations:
D:7 3 runed translucent doors, kae's ghost, novice DsEn
D:11 2 transporters, exclusion: 2 oklob plants, Gorgor's ghost, journeyman MiFi


Message History

The slime creature is severely wounded.
You slash the slime creature! The slime creature barely misses you.
Two slime creatures merge to form a large slime creature.
You block the slime creature's attack.
You slice the slime creature!!
You kill the slime creature!
Okawaru accepts your kill.
You barely miss the large slime creature.
Two slime creatures merge to form a very large slime creature.
A slime creature comes into view.
You slash the very large slime creature!
The very large slime creature is moderately wounded.
Two slime creatures merge to form an enormous slime creature.
You barely miss the enormous slime creature.
The enormous slime creature is moderately wounded.
You slash the enormous slime creature!
The enormous slime creature is moderately wounded.
You block the enormous slime creature's attack.
A slime creature comes into view.
You completely miss the enormous slime creature.
The enormous slime creature is moderately wounded.
The enormous slime creature hits you!!!
Two slime creatures merge to form a titanic slime creature.
You hit the titanic slime creature.
The titanic slime creature is moderately wounded.
You slash the titanic slime creature!
The titanic slime creature is moderately wounded.
The titanic slime creature hits you!
The titanic slime creature attacks as it pursues you!
The titanic slime creature barely misses you.
The titanic slime creature attacks as it pursues you!
The titanic slime creature barely misses you.
The titanic slime creature attacks as it pursues you!
The titanic slime creature barely misses you.
The titanic slime creature attacks as it pursues you!
The titanic slime creature hits you!!
The titanic slime creature attacks as it pursues you!
The titanic slime creature hits you!!!
Ouch! That really hurt!
You die...

.............####
.....#####.....#
..... #.....#
.....#####.....#
............###
..##....#############
#....##...........
#.........########
##.....@J....###
#.............##
#......##......##
#......#####....###
#....... ###....####
#........ ##......##
#........# ##......#
#.....### ###....#
####.#


You could see a titanic slime creature.

Vanquished Creatures
  An orc warlord (Bailey)
  3 two-headed ogres
  2 orc knights
  2 ugly things (D:11)
  A cyclops (D:12)
  2 manticores
  Joseph (D:8)
  A komodo dragon (D:12)
  2 trolls
  Prince Ribbit (D:5)
  A slime creature (D:12)
  A vampire (D:12)
  23 yaks
  Eustachio (D:6)
  A wraith (D:11)
  A golden eye (D:11)
  2 wyverns
  A steam dragon (D:9)
  2 vampire mosquitoes (D:12)
  2 acid dragons
  A water moccasin (D:11)
  Duvessa (D:5)
  An ice beast (D:7)
  18 orc warriors
  2 black bears (D:11)
  An ogre (D:5)
  2 centaurs
  A phantom (D:5)
  2 bullfrogs
  5 kobold brigands
  3 elf zombies (Ossuary)
  6 scorpions
  4 wights (D:9)
  Dowan (D:5)
  3 killer bees (D:11)
  4 howler monkeys
  2 centaur zombies (Ossuary)
  2 jellies
  5 hounds
  A human zombie (Ossuary)
  4 orc priests
  A gnoll bouda (D:8)
  3 iguanas
  Natasha (twice) (D:2)
  5 orc wizards
  2 mummies (Ossuary)
  19 gnolls
  11 adders
  A shadow imp (D:8)
  A white imp (D:7)
  2 ufetubi (D:6)
  2 adder zombies (Ossuary)
  3 worms (D:2)
  4 dart slugs
  37 orcs
  4 endoplasms
  A giant cockroach (D:2)
  20 hobgoblins
  3 quokkas (D:3)
  7 ball pythons
  6 bats
  2 frilled lizards
  17 goblins
  A goblin zombie (Ossuary)
  11 hobgoblin zombies (Ossuary)
  3 jackal zombies (Ossuary)
  35 kobolds
  7 kobold zombies (Ossuary)
  6 orc zombies (Ossuary)
  4 rats
340 creatures vanquished.

Vanquished Creatures (others)
  A kobold brigand (D:11)
1 creature vanquished.

Grand Total: 341 creatures vanquished

Notes
Turn   | Place    | Note
-------+----------+-------------------------------------------
     0 | D:1      | gohu the Hill Orc Fighter began the quest for the Orb.
     0 | D:1      | Reached XP level 1. HP: 19/19 MP: 1/1
   305 | D:1      | Reached skill level 3 in Axes
   305 | D:1      | Reached XP level 2. HP: 27/27 MP: 2/2
   450 | D:1      | Found a faded altar of an unknown god.
   505 | D:1      | Found Caxullob's Antique Weapon Boutique.
   799 | D:2      | Reached XP level 3. HP: 16/33 MP: 3/3
  1103 | D:2      | Reached skill level 4 in Axes
  1103 | D:2      | Reached XP level 4. HP: 41/41 MP: 4/4
  1517 | D:3      | Noticed Natasha
  1530 | D:2      | Killed Natasha
  1606 | D:2      | Noticed Natasha
  1616 | D:2      | Killed Natasha
  1617 | D:2      | Reached skill level 5 in Axes
  1617 | D:2      | Reached XP level 5. HP: 27/47 MP: 5/5
  1727 | D:3      | Found a sacrificial altar of Ru.
  1728 | D:3      | Found a blossoming altar of Fedhas.
  1730 | D:3      | Found a shimmering blue altar of Sif Muna.
  2348 | D:4      | Reached skill level 6 in Axes
  2404 | D:5      | Entered Level 5 of the Dungeon
  2496 | D:4      | Reached XP level 6. HP: 55/55 MP: 6/6
  2674 | D:5      | Reached skill level 5 in Fighting
  2910 | D:4      | Found a staircase to the Ecumenical Temple.
  2921 | Temple   | Entered the Ecumenical Temple
  2930 | Temple   | Became a worshipper of Warmaster Okawaru
  3011 | D:5      | Reached skill level 7 in Axes
  3136 | D:5      | Noticed Duvessa
  3153 | D:5      | Killed Duvessa
  3154 | D:5      | Reached XP level 7. HP: 61/61 MP: 7/7
  3287 | D:5      | Noticed Dowan
  3305 | D:5      | Killed Dowan
  3306 | D:5      | Reached skill level 8 in Axes
  3466 | D:5      | Reached * piety under Okawaru
  3740 | D:5      | Reached skill level 9 in Axes
  4030 | D:5      | Reached XP level 8. HP: 67/70 MP: 8/8
  4115 | D:5      | Noticed Prince Ribbit
  4131 | D:5      | Killed Prince Ribbit
  4365 | D:5      | Upgraded the game from 0.31-a0-1265-gaa4636e842 to
                  | 0.31-a0-1278-g11c5b68f87
  4420 | D:7      | Noticed kae's ghost (novice DsEn)
  4425 | D:7      | Found a runed translucent gate.
  4425 | D:7      | Found a runed translucent gate.
  4425 | D:7      | Found a runed translucent gate.
  4437 | D:7      | Reached skill level 10 in Axes
  4450 | D:7      | Reached skill level 5 in Armour
  4455 | D:7      | Found a sand-covered staircase.
  4460 | Ossuary  | Entered an ossuary
  4675 | Ossuary  | Reached skill level 5 in Shields
  4750 | Ossuary  | Reached ** piety under Okawaru
  4751 | Ossuary  | Reached skill level 11 in Axes
  4967 | D:6      | Reached XP level 9. HP: 78/78 MP: 9/9
  5534 | D:6      | Reached skill level 1 in Invocations
  5539 | D:6      | Reached skill level 12 in Axes
  5748 | D:6      | Noticed Eustachio
  5794 | D:6      | Killed Eustachio
  6844 | D:8      | Noticed Joseph
  6861 | D:8      | Killed Joseph
  6861 | D:8      | Reached *** piety under Okawaru
  6862 | D:8      | Reached skill level 13 in Axes
  6972 | D:9      | Found a stormy altar of Qazlal.
  6993 | D:9      | Reached XP level 10. HP: 49/88 MP: 12/12
  7192 | D:9      | Reached skill level 14 in Axes
  7227 | D:9      | Reached **** piety under Okawaru
  7325 | D:9      | Found a flagged portal.
  7345 | Bailey   | Entered a bailey
  7684 | Bailey   | Noticed an orc knight
  7713 | Bailey   | Killed an orc knight
  7714 | Bailey   | Reached skill level 15 in Axes
  7740 | Bailey   | Reached skill level 5 in Invocations
  7783 | Bailey   | Reached ***** piety under Okawaru
  7824 | Bailey   | Noticed an orc warlord
  7838 | Bailey   | Killed an orc warlord
  7839 | Bailey   | Reached XP level 11. HP: 76/97 MP: 7/15
  7863 | Bailey   | Identified the amulet "Owniujif" {RegenMP Dex+3}
  7888 | Bailey   | Acquired a manual of Spellcasting
  7947 | D:8      | Found a snail-covered altar of Cheibriados.
  8007 | D:8      | Reached skill level 16 in Axes
  8424 | D:8      | Identified the ring "Ehusiakh" {rCorr Int+3}
  8527 | D:8      | Found Xosuw's Armour Boutique.
  8797 | D:9      | Reached skill level 10 in Fighting
  9266 | D:10     | Entered Level 10 of the Dungeon
  9275 | D:10     | Found a glowing silver altar of Zin.
  9275 | D:10     | Found a burning altar of Makhleb.
  9276 | D:10     | Noticed a blizzard demon
  9276 | D:10     | Noticed an angel
  9295 | D:10     | Identified the +7 trident of the Writhing Gods {flame, rF-
                  | rC++ rN+}
  9377 | D:10     | Found Zaqek's Magic Scroll Shoppe.
  9384 | D:10     | Bought a scroll of blinking for 112 gold pieces
  9384 | D:10     | Bought a scroll of identify for 30 gold pieces
  9384 | D:10     | Bought a scroll of identify for 30 gold pieces
  9384 | D:10     | Bought a scroll of identify for 30 gold pieces
  9384 | D:10     | Bought a scroll of revelation for 112 gold pieces
  9404 | D:11     | Noticed a two-headed ogre
  9732 | D:10     | Noticed a two-headed ogre
  9737 | D:10     | Killed a two-headed ogre
  9815 | D:11     | Noticed a green ugly thing
  9825 | D:11     | Killed a green ugly thing
  9826 | D:11     | Reached skill level 17 in Axes
 10155 | D:11     | Killed a two-headed ogre
 10156 | D:11     | Reached skill level 1 in Dodging
 10240 | D:11     | Noticed a green ugly thing
 10247 | D:11     | Killed a green ugly thing
 10252 | D:11     | Noticed a two-headed ogre
 10318 | D:11     | Killed a two-headed ogre
 10517 | D:12     | Noticed a cyclops
 10610 | D:11     | Found a staircase to the Lair.
 10611 | D:11     | Identified the +0 scale mail of Egalitarianism {rPois Int+2
                  | Dex+4 Slay-6}
 10638 | D:11     | Reached XP level 12. HP: 108/108 MP: 10/17
 10685 | D:11     | Found a roughly hewn altar of Beogh.
 10685 | D:11     | Found a staircase to the Orcish Mines.
 10700 | D:11     | Received a gift from Okawaru
 10831 | D:11     | Noticed a tengu warrior
 10841 | D:11     | Noticed Gorgor's ghost (journeyman MiFi)
 10886 | D:11     | Found a transporter.
 10887 | D:11     | Found a bloodstained altar of Trog.
 10891 | D:11     | Noticed a two-headed ogre
 10894 | D:11     | Found a transporter.
 10948 | D:11     | Reached skill level 18 in Axes
 11570 | D:12     | Found Usiloet's Weapon Shoppe.
 11992 | D:12     | Demolished by a titanic slime creature

Illustrated notes

Levels and vault maps discovered:
D:1:      amcnicky_arrival_wind_blow, layout_loops_ring, serial_shops, shop,
          ebering_ecumenical_altar_box, minivault_27
D:2:      layout_basic
D:3:      layout_basic, chequers_temple_overflow_statue_of_worship,
          serial_bayou_pond_c, minmay_fractal_squares_gapless_5, uniq_natasha
D:4:      layout_basic, minmay_temple_entry_poolview, kennysheep_small_square
D:5:      layout_basic, uniq_prince_ribbit1, uniq_duvessa
D:6:      layout_basic, nicolae_sextant, uniq_eustachio
D:7:      layout_loops_ring, gammafunk_ghost_split,
          lightli_ossuary_entry_decrepit_ruins, minmay_door_square, minivault_23
D:8:      layout_basic, cheibriados_altar_2, serial_shops,
          nicolae_shop_back_alley_shop, minmay_misc_feat_pillars, uniq_joseph
D:9:      layout_basic, old_standard_altar, enter_bailey_5
D:10:     layout_roguey, grunt_temple_overflow_order_and_chaos_2, serial_shops,
          shop, nicolae_titane
D:11:     layout_basic, due_lair_maze_entry_diamond, david_orc_5,
          gammafunk_ghost_wrathful_warriors, disabler_island
D:12:     lemuel_ice_spiral_2, layout_basic, serial_curves, eino_curves_02,
          eino_curves_04, eino_curves_01, eino_curves_03, serial_shops,
          kennysheep_mini, minivault_22
D:13:     layout_irregular_city, lightli_vaults_fourway_checkpoint,
          gammafunk_ghost_necromancy, serial_shops, shop
Temple:   hellmonk_temple_of_storms

Skill      XL: |  1  2  3  4  5  6  7  8  9 10 11 12 |
---------------+-------------------------------------+-----
Fighting       | 4 5 6 7 9 10 11 | 11.4
Axes           | 3 4 5 6 7 9 11 13 15 17 18 | 18.3
Armour         | 4 5 6 7 8 |  8.1
Shields        | 4 5 6 |  6.5
Invocations    | 3 5 6 7 |  7.8
Dodging        | 1 |  1.3
Evocations     | |  0.4

Action                     |  1- 3 |  4- 6 |  7- 9 | 10-12 || total
---------------------------+-------+-------+-------+-------++-------
  Melee: War axe           |   105 |   166 |   348 |   179 ||   798
         Broad axe         |       |       |       |   341 ||   341
 Invoke: Heroism           |       |       |     1 |     4 ||     5
         Finesse           |       |       |       |     3 ||     3
  Evoke: Wand              |       |     5 |     5 |    13 ||    23
    Use: Potion            |       |     4 |       |       ||     4
         Scroll            |       |     3 |     5 |     8 ||    16
 Armour: Scale mail        |    32 |       |       |       ||    32
         Chain mail        |    52 |   106 |   160 |   199 ||   517
  Dodge: Dodged            |    40 |    36 |    71 |    91 ||   238
  Block: Buckler           |    28 |    80 |   141 |   133 ||   382
         Reflection        |       |       |     6 |    10 ||    16
         Kite shield       |       |       |       |    36 ||    36

Table legend: (Time is in decaauts)
 A = Elapsed time spent in this place.
 B = Non-inter-level travel time spent in this place.
 C = Inter-level travel time spent in this place.
 D = Time resting spent in this place.
 E = Time spent auto-exploring this place.
 F = Levels seen in this place.
 G = Mean time per level.
                   A        B        C        D        E       F      G
               +--------+--------+--------+--------+--------+-----+--------+
         Total |  11938 |  11470 |    468 |    286 |   8107 |  16 |  746.1 |
       Dungeon |  11019 |  10551 |    468 |    205 |   7809 |  13 |  847.6 |
        Temple |     18 |     18 |      0 |      0 |      0 |   1 |   18.0 |
       Ossuary |    365 |    365 |      0 |      0 |    118 |   1 |  365.0 |
        Bailey |    534 |    534 |      0 |     81 |    180 |   1 |  534.0 |
               +--------+--------+--------+--------+--------+-----+--------+

Top non-repeatable levels by time:
     D:5: 1400 daAuts
    D:11: 1250 daAuts
     D:6: 1162 daAuts
     D:9: 1032 daAuts
     D:7: 915 daAuts
     D:2: 898 daAuts
    D:10: 869 daAuts
     D:1: 852 daAuts
     D:8: 803 daAuts
     D:4: 659 daAuts
     D:3: 635 daAuts
    D:12: 535 daAuts
  Bailey: 534 daAuts
 Ossuary: 365 daAuts
  Temple: 18 daAuts
